 Dungeon Sprint DCSS version 0.27-a0-1416-g941b2bd30b (webtiles) character file.

Game seed: 17044943897737114095

1500000 tygod the Sorcerer (level 13, -31/75 HPs)
             Began as a Djinni Fire Elementalist on July 2, 2021.
             Was a Follower of Makhleb.
             Annihilated by a meat berserker (35 damage)
             ... in the Dungeon (Sprint VIII: "Arena of Blood").
             The game lasted 00:00:35 (15 turns).

tygod the Sorcerer (Djinni Fire Elementalist)         Turns: 15, Time: 00:00:35

Health: -31/75     AC:  2    Str: 11    XL:     13   Next: 60%
Gold:   0          EV: 19    Int: 17    God:    Makhleb [*.....] SH:  0 Dex: 15

rFire    + + .     SeeInvis .   g - +∞ Axe of Woe
rCold    x . .     Faith    .   (shield currently unavailable)
rNeg     . . .     Spirit   .   a - +0 robe
rPois    ∞         Reflect  .   (no helmet)
rElec    .         Harm     .   (no cloak)
rCorr    .         Rampage  .   (no gloves)
Will     +....     NoTele   +   (boots unavailable)
Stlth    ++++......             (no amulet)
HPRegen  0.22/turn              (no ring)
MPRegen  0.00/turn              (no ring)

@: flying
A: sickness immunity, fire resistance 2, cold vulnerability 1, float, innate
caster, hp casting, extra vitality 1
a: Renounce Religion


You were in the Dungeon.
You worshipped Makhleb.
Makhleb was aware of your devotion.
You visited 1 branch

Inventory:

Hand Weapons
 g - the +∞ Axe of Woe (weapon)
   (You found it in the Dungeon)
Armour
 a - a +0 robe (worn)
Scrolls
 f - a scroll of blinking
Potions
 b - a potion of curing
 c - a potion of heal wounds
 d - a potion of haste
 e - a potion of berserk rage


   Skills:
 * Level 4.0 Axes
 + Level 13.7 Dodging
 + Level 10.0 Stealth
 + Level 21.4 Spellcasting


You had 20 spell levels left.
You knew the following spells:

 Your Spells              Type           Power      Damage    Failure   Level
a - Foxfire               Conj/Fire      100%       2x1d9     0%          1
b - Conjure Flame         Conj/Fire      74%        6-21      0%          3
c - Inner Flame           Hex/Fire       74%        N/A       0%          3
d - Sticky Flame          Conj/Fire      74%        2d9       0%          4
e - Fireball              Conj/Fire      37%        3d15      0%          5
f - Shock                 Conj/Air       100%       1d9       0%          1
g - Slow                  Hex            74%        N/A       0%          2
h - Portal Projectile     Hex/Tloc       100%       N/A       0%          3
i - Call Canine Familiar  Summ           74%        N/A       0%          3
j - Hailstorm             Conj/Ice       74%        3d15      0%          4
k - Borgnjor's Vile Clut  Necr/Erth      37%        N/A       0%          5
Your spell library was empty.

Dungeon Overview and Level Annotations

Branches:
Dungeon (1/1)

Altars:
Makhleb


Innate Abilities, Weirdness & Mutations

You are immune to sickness and miasma.
You are immune to poison.
Your flesh is very heat resistant. (rF++)
You are vulnerable to cold. (rC-)
You float through the air rather than walking.
You learn spells naturally, not from books.
Your magical power is your life essence.
You have superior vitality. (+4 HP)


Message History

A bag of meat comes into view. It is wielding a +9 war axe.
You hear a shout! x2
A meat berserker comes into view. It is wielding a +9 battleaxe.
You hear a shout! x5
An orc and a two-headed ogre come into view.
The bag of meat appears out of thin air!
A bag of meat comes into view. It is wielding a +9 war axe.
The large bag of meat shouts in stereo!
You hear a shout! x2
A meat berserker comes into view. It is wielding a +9 battleaxe.
You hear a shout! x6
A bag of meat comes into view. It is wielding a +9 war axe.
You hear a shout! x3
A meat berserker comes into view. It is wielding a +9 battleaxe.
The meat berserker rages.
You hear a shout!
The bag of meat moves out of view.
The meat berserker moves out of view.
You hear a shout! x3
A meat berserker comes into view.
It is wielding a +9 battleaxe. 3 orcs come into view.
You hear a shout! x2
The meat berserker rages.
You hear a shout! x6
The bag of meat moves out of view.
The bag of meat shouts!
A meat berserker comes into view. It is wielding a +9 battleaxe.
You hit the meat berserker but do no damage.
You hew the meat berserker savagely.
You kill the meat berserker!
Makhleb accepts your kill.
You can now gain health from killing.
You slash the bag of meat!
You fatally mangle the bag of meat.
You kill the bag of meat!
Makhleb accepts your kill.
You hear a shout! x3
A meat berserker comes into view. It is wielding a +9 battleaxe. x2
The meat berserker hits you with a +9 battleaxe!!!
Ouch! That really hurt!
* * * LOW HITPOINT WARNING * * *
You hear a shout! x2
The meat berserker hits you with a +9 battleaxe!!
You die...

.#........_.......
.......#.....#....
.......#_.<._# .
.......#.....#...
.#........_.......
..o....O)###......
....###.......###.
... #OO.o...#
#@O.o...#
..o...O.O...o..
#.....O.........
O...O..........
#...O.....o....
...oO#......o.#
..............#
....##.#..O....


You could see a large bag of meat (inner flame), 11 meat berserkers and 7 bags
of meat.

Vanquished Creatures
  2 ogres (D)
  An orc (D)
3 creatures vanquished.

Notes
Turn   | Place    | Note
-------+----------+-------------------------------------------
     0 | D        | Found the +∞ Axe of Woe
     0 | D        | tygod the Djinni Fire Elementalist began the quest for the
                  | Orb.
     0 | D        | Reached XP level 1. HP: 15/15 MP: 0/0
     3 | D        | Became a worshipper of Makhleb the Destroyer
     9 | D        | Noticed a meat berserker
     9 | D        | Noticed a bag of meat
     9 | D        | Noticed a bag of meat
    10 | D        | Killed a meat berserker
    10 | D        | Noticed a meat berserker
    10 | D        | Noticed a meat berserker
    11 | D        | Reached skill level 10 in Stealth
    11 | D        | Reached skill level 21 in Spellcasting
    11 | D        | Reached XP level 2. HP: 21/21 MP: 0/0
    11 | D        | Reached XP level 3. HP: 25/25 MP: 0/0
    11 | D        | Learned a level 1 spell: Shock
    11 | D        | Reached XP level 4. HP: 31/31 MP: 0/0
    11 | D        | Reached XP level 5. HP: 35/35 MP: 0/0
    11 | D        | Learned a level 2 spell: Slow
    11 | D        | Reached XP level 6. HP: 40/40 MP: 0/0
    11 | D        | Reached XP level 7. HP: 45/45 MP: 0/0
    11 | D        | Learned a level 3 spell: Portal Projectile
    11 | D        | Reached XP level 8. HP: 50/50 MP: 0/0
    11 | D        | Reached XP level 9. HP: 55/55 MP: 0/0
    11 | D        | Learned a level 3 spell: Call Canine Familiar
    11 | D        | Reached XP level 10. HP: 60/60 MP: 0/0
    11 | D        | Reached XP level 11. HP: 65/65 MP: 0/0
    11 | D        | Learned a level 4 spell: Hailstorm
    11 | D        | Reached XP level 12. HP: 70/70 MP: 0/0
    11 | D        | Reached XP level 13. HP: 75/75 MP: 0/0
    11 | D        | Learned a level 5 spell: Borgnjor's Vile Clutch
    11 | D        | Noticed a meat berserker
    11 | D        | Noticed a bag of meat
    11 | D        | Noticed a bag of meat
    11 | D        | Noticed a meat berserker
    11 | D        | Noticed a meat berserker
    12 | D        | Noticed a meat berserker
    13 | D        | Noticed a bag of meat
    13 | D        | Noticed a large bag of meat
    13 | D        | Noticed a bag of meat
    13 | D        | Noticed a meat berserker
    13 | D        | Noticed a bag of meat
    13 | D        | Noticed a meat berserker
    14 | D        | Noticed a meat berserker
    14 | D        | Noticed a bag of meat
    14 | D        | Noticed a bag of meat
    14 | D        | Noticed a bag of meat
    14 | D        | Noticed a bag of meat
    15 | D        | Noticed a meat berserker
    15 | D        | Killed a meat berserker
    15 | D        | Reached * piety under Makhleb
    15 | D        | Killed a bag of meat
    15 | D        | Noticed a meat berserker
    15 | D        | Noticed a meat berserker
    15 | D        | Annihilated by a meat berserker

Illustrated notes

Levels and vault maps discovered:
D:        meatsprint

Skill      XL: |  1 |
---------------+----+-----
Axes           | 4 |  4.0
Dodging        | 13 | 13.7
Stealth        | 10 | 10.0
Spellcasting   | 21 | 21.4

Action                   |  1- 3 |  4- 6 |  7- 9 | 10-12 | 13-15 || total
-------------------------+-------+-------+-------+-------+-------++-------
Melee: Executioner's axe |     1 |       |       |       |     1 ||     2

Table legend: (Time is in decaauts)
 A = Elapsed time spent in this place.
 B = Non-inter-level travel time spent in this place.
 C = Inter-level travel time spent in this place.
 D = Time resting spent in this place.
 E = Time spent auto-exploring this place.
 F = Levels seen in this place.
 G = Mean time per level.
                   A        B        C        D        E       F      G
               +--------+--------+--------+--------+--------+-----+--------+
         Total |     15 |     15 |      0 |      0 |      0 |   1 |   15.0 |
       Dungeon |     15 |     15 |      0 |      0 |      0 |   1 |   15.0 |
               +--------+--------+--------+--------+--------+-----+--------+

Top non-repeatable levels by time:
       D: 15 daAuts
